 Dungeon Crawl Stone Soup version 0.21.1-1-g345015f (webtiles) character file.

13 tidbits the Sneak (level 2, 20/20 HPs)
             Began as a Gnoll Enchanter on June 15, 2018.
             Quit the game on level 2 of the Dungeon.
             The game lasted 00:01:43 (175 turns).

tidbits the Sneak (Gnoll Enchanter)                  Turns: 175, Time: 00:01:44

Health: 20/20      AC:  2    Str: 10    XL:     2   Next: 37%
Magic:  7/7        EV: 15    Int: 17    God:
Gold:   15         SH:  0    Dex: 15    Spells: 7/10 levels left

rFire    . . .     SeeInvis .   a - +1 dagger
rCold    . . .     Gourm    .   (no shield)
rNeg     . . .     Faith    .   b - +0 robe
rPois    .         Spirit   .   (no helmet)
rElec    .         Reflect  .   (no cloak)
rCorr    .         Harm     .   (no gloves)
MR       .....                  (no boots)
Stlth    +++.......             (no amulet)
HPRegen  0.06/turn              V - +1 ring of evasion
MPRegen  0.10/turn              (no ring)

@: no status effects
A: distributed training, fangs 1, strong nose
a: no special abilities


You were on level 2 of the Dungeon.
You were not hungry.

You visited 1 branch of the dungeon, and saw 2 of its levels.

You collected 15 gold pieces.

Inventory:

Hand Weapons
 a - a +1 dagger (weapon)
Missiles
 f - 11 sling bullets
Armour
 b - a +0 robe (worn)
Jewellery
 V - a +1 ring of evasion (left hand)
   (You found it on level 1 of the Dungeon)
Scrolls
 e - a scroll of fog {unknown}
 g - a scroll of teleportation {unknown}
 h - a scroll of blinking {unknown}
 j - a scroll of random uselessness {unknown}
Potions
 i - a potion of might {unknown}
Books
 c - a book of Maledictions

   Spells                             Type                      Level
   a - Corona                         Hexes                        1
   b - Ensorcelled Hibernation        Hexes/Ice                    2
   c - Confuse                        Hexes                        3
   d - Tukima's Dance                 Hexes                        3
   e - Dazzling Spray                 Conjuration/Hexes            3
Comestibles
 d - 2 rations


   Skills:
 + Level 0.3 Fighting
 + Level 2.4 Short Blades
 + Level 0.3 Long Blades
 + Level 0.3 Axes
 + Level 0.3 Maces & Flails
 + Level 0.3 Polearms
 + Level 0.3 Staves
 + Level 0.3 Slings
 + Level 0.3 Bows
 + Level 0.3 Crossbows
 + Level 0.3 Throwing
 + Level 0.3 Armour
 + Level 4.4 Dodging
 + Level 5.9 Stealth
 + Level 0.3 Shields
 + Level 0.3 Unarmed Combat
 + Level 4.9 Spellcasting
 + Level 0.2 Conjurations
 + Level 5.3 Hexes
 + Level 0.2 Charms
 + Level 0.2 Summonings
 + Level 0.2 Necromancy
 + Level 0.2 Translocations
 + Level 0.2 Transmutations
 + Level 0.2 Fire Magic
 + Level 0.2 Ice Magic
 + Level 0.2 Air Magic
 + Level 0.2 Earth Magic
 + Level 0.2 Poison Magic
 + Level 0.4 Invocations
 + Level 0.3 Evocations


You had 7 spell levels left.
You knew the following spells:

 Your Spells              Type           Power        Failure   Level  Hunger
a - Corona                Hex            ###....      1%          1    None
e - Ensorcelled Hibernat  Hex/Ice        ##....       7%          2    #......


Dungeon Overview and Level Annotations

Branches:
Dungeon (2/15)

Altars:


Innate Abilities, Weirdness & Mutations

Your experience applies equally to all skills.
You have very sharp teeth.
Your uncanny sense of smell can sniff out nearby items.


Message History

You hit the ooze.
The ooze is heavily wounded.
The ooze misses you.
You hit the ooze.
The ooze is severely wounded.
You hit the ooze.
The ooze is almost dead.
The ooze completely misses you.
You hit the ooze.
You kill the ooze!
A goblin comes into view. It is wielding a club.
You see here a scroll labeled VUWASO DOYSCH.
g - a scroll labeled VUWASO DOYSCH The helpless goblin fails to defend itself.
You impale the goblin!!
You kill the goblin!
You have reached level 2!
Memorise Ensorcelled Hibernation, consuming 2 spell levels and leaving 7?
You start memorising the spell.
You continue memorising. x2
You finish memorising.
Spell assigned to 'e'.
A dart slug comes into view.
A giant cockroach comes into view.
Found a ration.
Unknown command.
Unknown command.
The helpless dart slug fails to defend itself.
You impale the dart slug!!
You kill the dart slug!
Casting: Corona
Confirm with . or Enter, or press ? or * to list all spells.
Aiming: Corona
Press: ? - help, Shift-Dir - straight line, f - giant cockroach
Aim: a giant cockroach (clinging, chance to defeat MR: 77%)
The giant cockroach is outlined in light.
The giant cockroach barely misses you.
You hit the giant cockroach but do no damage.
You bite the giant cockroach, but do no damage.
The giant cockroach completely misses you.
You hit the giant cockroach but do no damage.
The giant cockroach misses you.
You hit the giant cockroach but do no damage.
The giant cockroach closely misses you.
You hit the giant cockroach.
The giant cockroach is moderately wounded.
The giant cockroach waves its antennae.
The giant cockroach completely misses you.
You barely miss the giant cockroach.
The giant cockroach is moderately wounded.
The giant cockroach misses you.
You hit the giant cockroach but do no damage.
You bite the giant cockroach, but do no damage.
The giant cockroach is moderately wounded.
The giant cockroach bites you.
You hit the giant cockroach.
The giant cockroach is severely wounded.
The giant cockroach closely misses you.
You hit the giant cockroach.
You kill the giant cockroach!
You see here a ration.
d - 2 rations (gained 1)
Found a stone staircase leading down.
You open the door.
A bat comes into view.
Found a coppery potion and a scroll labeled ODOILU DOEMIME.
There is an open door here.
Casting: Corona
Confirm with . or Enter, or press ? or * to list all spells.
Aiming: Corona
Press: ? - help, Shift-Dir - straight line, f - bat
Aim: a bat (chance to defeat MR: 77%)
The bat barely resists.
The bat hits you but does no damage.
Casting: Corona
Confirm with . or Enter, or press ? or * to list all spells.
Aiming: Corona
Press: ? - help, Shift-Dir - straight line, f/p - bat
Aim: a bat (chance to defeat MR: 77%)
The bat is outlined in light.
The bat closely misses you. x2
You hit the bat but do no damage. The bat misses you.
You hit the bat.
You kill the bat!
Found a scroll labeled UTU COESE BIUTH.
A rat comes into view.
You see here a scroll labeled UTU COESE BIUTH.
h - a scroll labeled UTU COESE BIUTH Unknown command.
The helpless rat fails to defend itself.
You impale the rat!!
You kill the rat!
You see here a coppery potion.
i - a coppery potion
There is a stone staircase leading down here.
You see here a scroll labeled ODOILU DOEMIME.
j - a scroll labeled ODOILU DOEMIME
There is a stone staircase leading down here.
You climb downwards.
There is a stone staircase leading up here.
Unknown command.
Found an escape hatch in the ceiling.
Unknown command.
Are you sure you want to abandon this character and quit the game? (Confirm with "yes".)

###
#@#
#.#
#.#
#.#
#.#
#.#
#.#
#.#
#.#


There were no monsters in sight!

Vanquished Creatures
  An ooze (D:1)
  A dart slug (D:1)
  A giant cockroach (D:1)
  A goblin (D:1)
  A bat (D:1)
  A frilled lizard (D:1)
  A rat (D:1)
7 creatures vanquished.

Notes
Turn   | Place    | Note
-------+----------+-------------------------------------------
     0 | D:1      | tidbits the Gnoll Enchanter began the quest for the Orb.
     0 | D:1      | Reached XP level 1. HP: 13/13 MP: 6/6
    58 | D:1      | Reached XP level 2. HP: 17/19 MP: 5/7
    62 | D:1      | Learned a level 2 spell: Ensorcelled Hibernation
   175 | D:2      | Quit the game

Action                   || total
-------------------------++-------
Melee: Dagger            ||    26
       Bite              ||     4
 Cast: Corona            ||     6
 Stab: Sleeping          ||     3
Armor: Robe              ||     1
Dodge: Dodged            ||    19

Table legend:
 A = Turns spent in this place as a percentage of turns spent in the entire game.
 B = Non-inter-level travel turns spent in this place as a percentage of non-inter-level travel turns spent in the entire game.
 C = Inter-level travel turns spent in this place as a percentage of turns spent in this place.
 D = Turns resting spent in this place as a percentage of non-inter-level travel turns spent in this place.
 E = Turns spent auto-exploring this place as a percentage of non-inter-level travel turns spent in this place.
 F = Non-inter-level travel turns spent in this place divided by the number of levels of this place that you've seen.
                   A       B       C       D       E      F
               +-------+-------+-------+-------+-------+----------------------
         Total | 100.0 | 100.0 |   0.0 |   0.0 |   0.0 |  87.5
       Dungeon | 100.0 | 100.0 |   0.0 |   0.0 |   0.0 |  87.5
               +-------+-------+-------+-------+-------+----------------------

Table legend:
 A = Kills in this place as a percentage of kills in entire the game.
 B = Kills by you in this place as a percentage of kills by you in the entire game.
 C = Kills by friends in this place as a percentage of kills by friends in the entire game.
 D = Other kills in this place as a percentage of other kills in the entire game.
 E = Experience gained in this place as a percentage of experience gained in the entire game.
 F = Experience gained in this place divided by the number of levels of this place that you have seen.
                   A       B       C       D       E      F
               +-------+-------+-------+-------+-------+----------------------
         Total | 100.0 | 100.0 |   N/A |   N/A | 100.0 |   9.5
       Dungeon | 100.0 | 100.0 |   N/A |   N/A | 100.0 |   9.5
               +-------+-------+-------+-------+-------+----------------------

Vault maps used:
D:1:      onia_arrival_pentagram
D:2:      lemuel_crystal_altar, first_ration, wad_floor_pattern_untrapped,
          minmay_misc_feat_secret_circle, uniq_jessica, uniq_sigmund, uniq_robin
